 Dungeon Crawl Stone Soup version 0.31-a0-675-g238779e (webtiles) character file.

Game seed: 2016381244384669688

70 Rogue the Sneak (level 4, 0/21 HPs)
             Began as a Spriggan Enchanter on Sept 5, 2023.
             Succumbed to an adder's poison
             ... on level 2 of the Dungeon.
             The game lasted 00:16:02 (2770 turns).

Rogue the Sneak (Spriggan Enchanter)                Turns: 2770, Time: 00:16:02

Health: 0/21       AC:  2    Str:  4    XL:     4   Next: 3%
Magic:  1/9        EV: 17    Int: 18    God:
Gold:   78         SH:  0    Dex: 15    Spells: 1/9 levels left

rFire   . . .        a - +1 dagger
rCold   . . .        (no shield)
rNeg    . . .        b - +0 robe
rPois   .            (helmet restricted)
rElec   .            (no cloak)
rCorr   .            (gloves unavailable)
SInv    +            (boots unavailable)
Will    .....        (no amulet)
Stlth   +++          (no ring)
HPRegen 0.23/turn    (no ring)
MPRegen 0.11/turn

%: no passive effects
@: lethally poisoned (0 -> -1), attractive, invisible, very quick
A: very small, no large weapons, unfitting armour, see invisible, speed 3
a: no special abilities


You were on level 2 of the Dungeon.
You visited 1 branch of the dungeon, and saw 2 of its levels.

You collected 78 gold pieces.

Inventory:

Hand Weapons
 a - a +1 dagger (weapon)
Missiles
 d - 4 curare-tipped darts (quivered)
 k - 3 poisoned darts
Armour
 b - a +0 robe (worn)
Scrolls
 e - 4 scrolls of poison {unknown}
 g - 2 scrolls of teleportation {unknown}
 h - a scroll of amnesia {unknown}
 i - a scroll of fear {unknown}
 j - a scroll of identify {unknown}
Potions
 c - a potion of invisibility


   Skills:
 * Level 0.6 Fighting
 * Level 1.9 Short Blades
 + Level 3.2 Dodging
 - Level 5.5 Stealth
 + Level 3.0 Spellcasting
 * Level 4.2 Hexes
 + Level 0.1 Ice Magic


You had one spell level left.
You knew the following spells:

 Your Spells              Type           Power      Damage    Failure   Level
a - Ensorcelled Hibernat  Hex/Ice        20%        N/A       10%         2
b - Tukima's Dance        Hex            18%        N/A       9%          3
c - Confusing Touch       Hex            18%        N/A       9%          3

Your spell library contained the following spells:

 Spells                   Type           Power      Damage    Failure   Level
 Dazzling Flash           Conj/Hex       20%        N/A       21%         3


Dungeon Overview and Level Annotations

Branches:
Dungeon (2/15)

Altars:


Innate Abilities, Weirdness & Mutations

You are very small and have problems with some larger weapons.
You are too small for most types of armour.
You have supernaturally acute eyesight. (SInv)
You cover ground extremely quickly. (Speed+++)


Message History

Casting: Ensorcelled Hibernation (safe; 10% risk of failure)
Confirm with . or Enter, or press ? or * to list all spells.
Your hands begin to glow red.
The adder bites you but does no damage. The adder bites you.
You closely miss the adder. The adder bites you.
You closely miss the adder. The adder bites you.
You are poisoned.
The adder poisons you!
You barely miss the adder.
You feel sick. The adder bites you.
You are lethally poisoned!
The adder poisons you!
You hit the adder but do no damage.
You feel sick. The adder closely misses you. x2
It was a potion of attraction.
You feel attractive to monsters.
* * * LOW HITPOINT WARNING * * *
You feel sick. The adder closely misses you.
You fade into invisibility!
* * * LOW HITPOINT WARNING * * *
You feel sick. The adder closely misses you.
You catch the helpless adder completely off-guard!
You hit the adder but do no damage.
* * * LOW HITPOINT WARNING * * *
You feel sick. The adder completely misses you.
You completely miss the adder.
* * * LOW HITPOINT WARNING * * *
You feel sick. The adder misses you. x2
You hit the adder but do no damage.
The adder appears confused.
* * * LOW HITPOINT WARNING * * *
You feel sick.
You hit the adder.
The adder is moderately wounded.
* * * LOW HITPOINT WARNING * * *
You feel sick. The adder closely misses you.
You hit the adder.
The adder is moderately wounded.
The adder is attracted toward you.
You hit the adder but do no damage.
The adder is moderately wounded.
You die...

#..........## # #......
##..........# #......
##......##.# #...#...
##......#.# #.#.....
#........######## ..#...#.
#...............##..##......
###.###....§....... ......#. #.#
#....S..[.... #..###. ##.#
#..@##.....###..#### ##..#
##.(.......(........ #..##
#.###.###.....##... #.##
#.....###....^..... #.#
#.#..#....#......## ######.##
#####.##.#.##........#
........###....................#
.........†..###................#
........##### ........#........#


You could see an adder (wandering, confused, unable to see you).

Vanquished Creatures
  2 adders (D:2)
  2 dart slugs (D:1)
  4 endoplasms
  5 giant cockroaches
  5 hobgoblins
  4 quokkas (D:1)
  3 ball pythons
  3 bats (D:1)
  3 frilled lizards (D:2)
  9 kobolds (D:1)
  3 rats (D:1)
43 creatures vanquished.

Vanquished Creatures (collateral kills)
  A kobold (D:2)
1 creature vanquished.

Grand Total: 44 creatures vanquished

Notes
Turn   | Place    | Note
-------+----------+-------------------------------------------
     0 | D:1      | Rogue the Spriggan Enchanter began the quest for the Orb.
     0 | D:1      | Reached XP level 1. HP: 9/9 MP: 5/5
   312 | D:1      | Reached XP level 2. HP: 13/13 MP: 6/6
   315 | D:1      | Learned a level 2 spell: Ensorcelled Hibernation
   555 | D:1      | Reached skill level 5 in Stealth
   796 | D:1      | Reached XP level 3. HP: 17/17 MP: 0/8
  2368 | D:1      | Learned a level 3 spell: Tukima's Dance
  2690 | D:2      | Reached XP level 4. HP: 21/21 MP: 9/9
  2694 | D:2      | Learned a level 3 spell: Confusing Touch
  2768 | D:2      | HP: 1/21 [poisoned by an adder]
  2770 | D:2      | Succumbed to an adder's poison

Illustrated notes

Levels and vault maps discovered:
D:1:      ncdulo_smallfort, layout_rooms, lexackson_kobold_supper
D:2:      layout_rooms

Skill      XL: |  1  2  3 |
---------------+----------+-----
Hexes          | 4 |  4.2
Dodging        | 3 |  3.2
Stealth        | 5 |  5.5
Spellcasting   | 3 |  3.0
Fighting       | |  0.6
Short Blades   | |  1.9
Ice Magic      | |  0.1

Action                     |  1- 3 |  4- 6 || total
---------------------------+-------+-------++-------
  Melee: Dagger            |  1139 |    12 ||  1151
         Punch             |    23 |       ||    23
  Throw: Dart              |     2 |       ||     2
   Cast: Ensorcelled Hiber |    36 |     4 ||    40
         Tukima's Dance    |     1 |       ||     1
         Confusing Touch   |       |     1 ||     1
    Use: Potion            |       |     2 ||     2
   Stab: Sleeping          |    27 |     2 ||    29
         Invisible         |       |     1 ||     1
 Armour: Robe              |    18 |     6 ||    24
  Dodge: Dodged            |    57 |     9 ||    66

Table legend: (Time is in decaauts)
 A = Elapsed time spent in this place.
 B = Non-inter-level travel time spent in this place.
 C = Inter-level travel time spent in this place.
 D = Time resting spent in this place.
 E = Time spent auto-exploring this place.
 F = Levels seen in this place.
 G = Mean time per level.
                   A        B        C        D        E       F      G
               +--------+--------+--------+--------+--------+-----+--------+
         Total |   2385 |   2357 |     28 |    143 |    845 |   2 | 1192.5 |
       Dungeon |   2385 |   2357 |     28 |    143 |    845 |   2 | 1192.5 |
               +--------+--------+--------+--------+--------+-----+--------+

Top non-repeatable levels by time:
     D:1: 2089 daAuts
     D:2: 295 daAuts
